 Dungeon Crawl Stone Soup version 0.21-a0-582-g1b93aee (webtiles) character file.

2 rabbitfr the Sneak (level 1, 5/9 HPs)
             Began as a Spriggan Enchanter on Dec 19, 2017.
             Quit the game on level 1 of the Dungeon.
             The game lasted 00:02:26 (153 turns).

rabbitfr the Sneak (Spriggan Enchanter)              Turns: 153, Time: 00:02:27

Health: 5/9        AC:  2    Str:  4    XL:     1   Next: 33%
Magic:  5/5        EV: 18    Int: 16    God:
Gold:   0          SH:  0    Dex: 16    Spells: 4/5 levels left

rFire    . . .     SeeInvis +   a - +1 dagger
rCold    . . .     Gourm    .   (shield restricted)
rNeg     . . .     Faith    .   b - +0 robe
rPois    .         Spirit   .   (helmet restricted)
rElec    .         Reflect  .   (no cloak)
rCorr    .         Harm     .   (gloves unavailable)
MR       .....                  (boots unavailable)
Stlth    +++.......             (no amulet)
HPRegen  0.03/turn              (no ring)
MPRegen  0.09/turn              (no ring)

@: very quick
A: very small, unfitting armour, see invisible, herbivore, speed 3, slow
metabolism 2
a: no special abilities


You were on level 1 of the Dungeon.
You were not hungry.

You visited 1 branch of the dungeon, and saw 1 of its levels.

Inventory:

Hand Weapons
 a - a +1 dagger (weapon)
Armour
 b - a +0 robe (worn)
Books
 c - a book of Maledictions

   Spells                             Type                      Level
   a - Corona                         Hexes                        1
   b - Ensorcelled Hibernation        Hexes/Ice                    2
   c - Confuse                        Hexes                        3
   d - Tukima's Dance                 Hexes                        3
   e - Dazzling Spray                 Conjuration/Hexes            3
Comestibles
 d - a ration


   Skills:
 - Level 1.1 Short Blades
 + Level 3.0 Dodging
 + Level 4.4 Stealth
 + Level 2.7 Spellcasting
 * Level 3.7 Hexes


You had 4 spell levels left.
You knew the following spells:

 Your Spells              Type           Power        Failure   Level  Hunger
a - Corona                Hex            ##.....      4%          1    #......


Dungeon Overview and Level Annotations

Branches:
Dungeon (1/15)

Altars:


Innate Abilities, Weirdness & Mutations

You are very small and have problems with some larger weapons.
You are too small for most types of armour.
You have supernaturally acute eyesight. (SInv)
You are a herbivore.
You cover ground extremely quickly.
You need consume almost no food.


Message History

The bat barely misses you. The bat hits you but does no damage.
You see here a leopard gecko corpse.
You hit the bat.
The bat is moderately wounded.
The bat misses you. The bat misses you. The ball python closely misses you.
The ball python completely misses you. The bat hits you but does no damage.
The bat completely misses you. The bat completely misses you.
The bat misses you. The bat barely misses you.
The bat hits you but does no damage. The bat barely misses you.
The bat closely misses you. The bat completely misses you.
Quiver which item? (- for none, * to show all) (? for menu, Esc to quit)
Okay, then.
Are you sure you want to abandon this character and quit the game? (Confirm with "yes".)

#.# ##.## #.### #####...####
#...# #.......†..# ###...#
#.##.....#.###
##.....#####S##K........#
#####.........##............#
..............##..###..##.###
#............b.# #.!##.#
#.....?.#####@.###..##.#
###.....# #......###.#
#..S$.# #.#######..# ##.#..#
#.##### #.## #.#).# #.....#
#.# #####.#..# #####.# #.#
#........# #.# #K#
##S#.#.##.# ######.###.#
##8'8###...# #..........#


You could see a bat, a ball python and a kobold.

Vanquished Creatures
  A leopard gecko (D:1)
  A bat (D:1)
2 creatures vanquished.

Notes
Turn   | Place    | Note
-------+----------+-------------------------------------------
     0 | D:1      | rabbitfr the Spriggan Enchanter began the quest for the Orb.
     0 | D:1      | Reached XP level 1. HP: 9/9 MP: 5/5
   153 | D:1      | Quit the game

Vault maps used:
D:1:      lightli_arrival_statuegarden, minmay_hexomino_p4

Action                   || total
-------------------------++-------
Melee: Dagger            ||    11
 Stab: Sleeping          ||     1
Armor: Robe              ||     9
Dodge: Dodged            ||    53

Table legend:
 A = Spawn XP
 B = Non-spawn XP
 C = Spawn XP percentage of total XP
 D = Spawn monster count
 E = Non-spawn monster count
 F = Spawn count percentage of total count
 G = Total turns spent on level
                    A         B        C        D         E        F      G
               +---------+---------+-------+---------+---------+-------+---------
         Total |       0 |       4 |   0.0 |       0 |       2 |   0.0 |   153
               +---------+---------+-------+---------+---------+-------+---------
           D:1 |       0 |       4 |   0.0 |       0 |       2 |   0.0 |   153
               +---------+---------+-------+---------+---------+-------+---------
